 Dungeon Crawl Stone Soup version 0.29.1-12-g30fa7ad0bf (webtiles) character file.

Game seed: 6909182626698519049

68 112233 the Gusty (level 4, 0/24 HPs)
             Began as a Tengu Air Elementalist on Dec 20, 2022.
             Killed by their own static electricity (2 damage)
             ... on level 3 of the Dungeon.
             The game lasted 00:01:37 (2495 turns).

112233 the Gusty (Tengu Air Elementalist)           Turns: 2495, Time: 00:01:37

Health: 0/24       AC:  2    Str:  9    XL:     4   Next: 19%
Magic:  1/8        EV: 12    Int: 17    God:
Gold:   76         SH:  0    Dex: 14    Spells: 1/7 levels left

rFire   . . .      SeeInvis .   e - +3 dagger
rCold   . . .      Faith    .   (no shield)
rNeg    . . .      Spirit   .   a - +0 robe
rPois   .          Reflect  .   (helmet restricted)
rElec   .          Harm     .   (no cloak)
rCorr   .          Rampage  .   (no gloves)
Will    .....                   (boots unavailable)
Stlth   ++........              (no amulet)
HPRegen 0.08/turn               (no ring)
MPRegen 0.11/turn               (no ring)

@: lethally poisoned (0 -> -8)
A: beak, talons 3
a: no special abilities


You were on level 3 of the Dungeon.
You visited 1 branch of the dungeon, and saw 3 of its levels.

You collected 76 gold pieces.

Inventory:

Hand Weapons
 c - a +0 spear
 e - a +3 dagger (weapon)
Armour
 a - a +0 robe (worn)
Jewellery
 i - a ring of fire
 k - a ring of poison resistance
Wands
 n - a wand of flame (17)
Scrolls
 f - a scroll of butterflies {unknown}
 j - a scroll of identify {unknown}
 l - a scroll of teleportation {unknown}
 m - a scroll of enchant armour {unknown}
 o - a scroll of amnesia {unknown}
Potions
 b - a potion of magic
 d - a potion of degeneration {unknown}
 g - 2 potions of heal wounds {unknown}
 h - a potion of curing {unknown}


   Skills:
 - Level 2.1 Dodging
 - Level 2.0 Stealth
 - Level 2.0 Spellcasting
 - Level 1.3 Conjurations
 + Level 6.5 Air Magic


You had one spell level left.
You knew the following spells:

 Your Spells              Type           Power      Damage    Failure   Level
a - Shock                 Conj/Air       60%        1d6       3%          1
b - Static Discharge      Conj/Air       15%        3-5/arc   6%          2
c - Swiftness             Air            24%        N/A       4%          3

Your spell library contained the following spells:

 Spells                   Type           Power      Damage    Failure   Level
 Airstrike                Air            12%        2d(2-18)  13%         4


Dungeon Overview and Level Annotations

Branches:
Dungeon (3/15)

Altars:
Xom
Yredelemnul

Shops:
D:3 =


Innate Abilities, Weirdness & Mutations

You have a beak for a mouth.
You have claws for feet.


Message History

The orc is severely wounded.
The orc hits you with a +0 mace.
Unknown command.
You hit the orc.
You kill the orc!
You see here a +0 mace.
Casting: Shock (safe; 3% risk of failure)
Confirm with . or Enter, or press ? or * to list all spells.
Aiming: Shock (safe; 3% risk of failure)
Press: ? - help, Shift-Dir - straight line, f - orc
Aim: an orc, wielding a +3 vampiric dagger (71% to hit)
The zap hits the orc.
The orc is lightly wounded.
The orc hits you with a +3 vampiric dagger.
The orc draws strength from your wounds!
Unknown command.
Casting: Shock (safe; 3% risk of failure)
Confirm with . or Enter, or press ? or * to list all spells.
The orc is struck by an arc of lightning.
The orc is almost dead.
You are struck by an arc of lightning.
The lightning grounds out.
The orc is struck by an arc of lightning.
The orc is severely wounded.
You are struck by an arc of lightning.
The lightning grounds out.
The orc hits you with a +1 short sword of venom.
The orc barely misses you.
The orc hits you with a +1 short sword of venom.
* * * LOW HITPOINT WARNING * * *
You are lethally poisoned!
The orc hits you with a +3 vampiric dagger.
* * * LOW HITPOINT WARNING * * *
The orc draws strength from your wounds!
Unknown command.
Unknown command.
Casting: Static Discharge (safe; 6% risk of failure)
Confirm with . or Enter, or press ? or * to list all spells.
The orc is struck by an arc of lightning!
You kill the orc!
You are struck by an arc of lightning.
You die...

.............>...#
.................#
..##.............#
#..........>..####
.##...........# .
#.#.........### .
#.............### .
............#...##
#............)@..#
....>......###o...#
........... ....#
......... ....#
......... ....#
.......... .<..#
...< ....# ....#


You could see an orc.

Vanquished Creatures
  An adder (D:3)
  A worm (D:2)
  A dart slug (D:2)
  2 orcs (D:3)
  5 bats (D:1)
  9 endoplasms
  3 giant cockroaches
  3 goblins (D:1)
  2 hobgoblins (D:1)
  3 jackals (D:1)
  4 kobolds (D:1)
  4 quokkas
  2 ball pythons
  5 frilled lizards
  3 rats
48 creatures vanquished.

Notes
Turn   | Place    | Note
-------+----------+-------------------------------------------
     0 | D:1      | 112233 the Tengu Air Elementalist began the quest for the
                  | Orb.
     0 | D:1      | Reached XP level 1. HP: 10/10 MP: 4/4
   170 | D:1      | Reached XP level 2. HP: 15/15 MP: 1/6
   383 | D:1      | Reached skill level 5 in Air Magic
   707 | D:1      | Reached XP level 3. HP: 19/19 MP: 3/7
   898 | D:1      | Found a faded altar of an unknown god.
  1536 | D:2      | Learned a level 2 spell: Static Discharge
  1540 | D:2      | Learned a level 3 spell: Swiftness
  1609 | D:2      | Reached skill level 6 in Air Magic
  1891 | D:2      | Found a shimmering altar of Xom.
  2223 | D:3      | Found Qumocwoo's Jewellery Boutique.
  2317 | D:3      | Found a basalt altar of Yredelemnul.
  2363 | D:3      | Reached XP level 4. HP: 20/24 MP: 1/8
  2495 | D:3      | Killed from afar by themself

Illustrated notes

Levels and vault maps discovered:
D:1:      matt_arrival_refuge, layout_loops_ring, ebering_ecumenical_altar_hall,
          minmay_misc_feat_nine_boxes
D:2:      layout_basic, basic_altar
D:3:      layout_rooms, yredelemnul_altar_generic,
          mainiacjoe_overflow_small_starburst,
          grunt_dithmenos_smoke_and_mirrors, serial_shops, nicolae_diamond_shop,
          minmay_misc_feat_columns

Skill      XL: |  1  2  3 |
---------------+----------+-----
Air Magic      | 5 6 |  6.5
Dodging        | |  2.1
Stealth        | |  2.0
Spellcasting   | |  2.0
Conjurations   | |  1.3

Action                   |  1- 3 |  4- 6 || total
-------------------------+-------+-------++-------
Melee: Unarmed           |     6 |       ||     6
       Kick              |     5 |       ||     5
       Spear             |     5 |       ||     5
       Dagger            |     4 |     5 ||     9
       Peck              |     1 |     1 ||     2
 Cast: Shock             |    90 |     6 ||    96
       Static Discharge  |     1 |     1 ||     2
Armor: Robe              |     3 |     1 ||     4
Dodge: Dodged            |    11 |     3 ||    14
